 Dungeon Crawl Stone Soup version 0.27-a0-1548-gf8a67e7463 (webtiles) character file.

Game seed: 2637771086868797250

60 garrulousMonolith the Poker (level 3, -13/42 HPs)
             Began as a Demonspawn Gladiator on July 13, 2021.
             Blown up by Ijyb (27 damage)
             ... with a mindburst bolt
             ... on level 3 of the Dungeon.
             The game lasted 00:02:29 (2583 turns).

garrulousMonolith the Poker (Demonspawn Gladiator)  Turns: 2583, Time: 00:02:30

Health: -13/42     AC: 21    Str: 15    XL:     3   Next: 80%
Magic:  3/3        EV:  2    Int:  9    God:
Gold:   93         SH:  0    Dex: 14    Spells: 2/2 levels left

rFire    . . .     SeeInvis .   a - +0 trident
rCold    . . .     Faith    .   (no shield)
rNeg     + + +     Spirit   .   (armour currently unavailable)
rPois    +         Reflect  .   (helmet currently unavailable)
rElec    .         Harm     .   (cloak currently unavailable)
rCorr    .         Rampage  .   (gloves currently unavailable)
Will     .....     NoTele   +   (boots currently unavailable)
Stlth    +.........             (no amulet)
HPRegen  0.14/turn              (no ring)
MPRegen  0.08/turn              (no ring)

@: tree-form
A: stationary, stasis, torment immunity, boosted hp, (talons 1), (sharp scales
1)
a: no special abilities


You were on level 3 of the Dungeon.
You were a tree.
You visited 1 branch of the dungeon, and saw 3 of its levels.

You collected 93 gold pieces.

Inventory:

Hand Weapons
 a - a +0 trident (weapon)
Missiles
 d - 3 throwing nets
 e - 23 poisoned darts (quivered)
Armour
 b - a +0 leather armour (melded)
 c - a +0 helmet (melded)
Scrolls
 g - a scroll of identify {unknown}
 h - a scroll of fear {unknown}
Potions
 f - a potion of lignification
 i - 2 potions of curing {unknown}
 j - a potion of mutation {unknown}
 k - 2 potions of heal wounds {unknown}


   Skills:
 + Level 2.5 Fighting
 * Level 3.4 Polearms
 - Level 2.0 Throwing
 + Level 1.0 Armour
 + Level 3.0 Dodging


You had 2 spell levels left.
You didn't know any spells.
Your spell library contained the following spells:

 Spells                   Type           Power      Damage    Failure   Level
 Beastly Appendage        Tmut           0%         N/A       38%         1
 Corona                   Hex            0%         N/A       38%         1
 Ensorcelled Hibernation  Hex/Ice        0%         N/A       52%         2
 Wereblood                Tmut           0%         N/A       52%         2
 Spider Form              Tmut/Pois      0%         N/A       77%         3
 Tukima's Dance           Hex            0%         N/A       77%         3


Dungeon Overview and Level Annotations

Branches:
Dungeon (3/15)

Altars:

Annotations:
D:3 Ijyb


Innate Abilities, Weirdness & Mutations

You are a tree.
Your roots penetrate the ground, keeping you stationary.
You cannot be teleported.
You are immune to unholy pain and torment.
Your maximum health is greatly increased.
Your equipment is partially melded.
((You have sharp toenails.))
((You are partially covered in razor-sharp scales. (AC +1, Slay +1)))


Message History

You kill the rat!
No target in view!
You see here a rat corpse.
HP restored.
Ijyb the Twisted Goblin comes into view.
She is wielding a +1 dagger of speed and carrying a wand of mindburst (12).
Ijyb is nearby!
Ijyb is nearby!
A bat comes into view.
Ijyb shouts!
Found 10 gold pieces.
The bat hits you.
Your leather armour prevents you from hitting Ijyb.
You claw Ijyb.
Ijyb is lightly wounded.
The bat completely misses you. The bat barely misses you.
Ijyb barely misses you.
Ijyb screams, "Me very upset!"
Ijyb closely misses you.
You miss Ijyb.
Ijyb is lightly wounded.
The bat closely misses you. Ijyb hits you but does no damage.
Ijyb zaps a wand.
Your mind is blasted!
You hit Ijyb. You claw Ijyb, but do no damage.
Ijyb is lightly wounded.
The bat barely misses you.
Ijyb zaps a wand.
You barely resist. You closely miss Ijyb. Your kick misses Ijyb.
Ijyb is lightly wounded.
The bat barely misses you.
Ijyb zaps a wand.
You barely resist. The bat closely misses you.
You closely miss Ijyb. You claw Ijyb.
Ijyb is moderately wounded.
The bat hits you but does no damage.
Ijyb hits you with a +1 dagger of speed.
It was a potion of lignification.
You turn into a tree.
Your +0 helmet melds into your body.
Your +0 leather armour melds into your body.
Your roots penetrate the ground.
The bat hits you but does no damage.
Ijyb zaps a wand.
Your mind is blasted!
Ouch! That really hurt!
You die...

... ### # .#..##. ....#
.....#. #.#.##### #.....
....#... #≈≈≈≈.#####
#.#...###
....≈.....###........
.≈≈≈≈.............#.# .
...#...###.#†#...#.##.
#b♣.###.#..........
......g............#..##
........##.#.#..........
..##....##.#.....#.....#
. .....................#
.#....###.###.##†#.....
. ..$.. #. #.##.#..#.#
.#.#.. . #...)...#
####.#..#


You could see Ijyb and a bat.

Vanquished Creatures
  An adder (D:2)
  A worm (D:3)
  A dart slug (D:2)
  6 endoplasms
  A giant cockroach (D:1)
  5 hobgoblins
  4 quokkas
  6 ball pythons
  4 bats
  4 goblins
  5 kobolds
  5 rats
43 creatures vanquished.

Vanquished Creatures (others)
  5 plants (D:1)
5 creatures vanquished.

Grand Total: 48 creatures vanquished

Notes
Turn   | Place    | Note
-------+----------+-------------------------------------------
     0 | D:1      | garrulousMonolith the Demonspawn Gladiator began the quest
                  | for the Orb.
     0 | D:1      | Reached XP level 1. HP: 16/16 MP: 1/1
   402 | D:1      | Gained mutation: You have sharp toenails. [demonic
                  | ancestry]
   402 | D:1      | Reached XP level 2. HP: 20/22 MP: 2/2
   849 | D:1      | Found a faded altar of an unknown god.
  1644 | D:2      | Gained mutation: You are partially covered in razor-sharp
                  | scales. (AC +1, Slay +1) [demonic ancestry]
  1644 | D:2      | Reached XP level 3. HP: 28/28 MP: 3/3
  2424 | D:3      | Reached skill level 1 in Armour
  2572 | D:3      | Noticed Ijyb
  2583 | D:3      | Blown up by Ijyb

Illustrated notes

Levels and vault maps discovered:
D:1:      dpeg_arrival_pits, layout_basic, shapermc_ecumenical_altar_acropolis,
          serial_bayou, serial_bayou_lagoon_a, serial_bayou_pond_a,
          serial_bayou_pond_a, serial_bayou_crossing
D:2:      layout_basic, minmay_misc_feat_four_crosses,
          amcnicky_mini_corridor_feature
D:3:      layout_basic, nicolae_overflow_hidden_temple,
          chequers_serial_rivers_micro_d, grunt_ministairs_10, minivault_14,
          uniq_ijyb

Skill      XL: |  1  2  3 |
---------------+----------+-----
Polearms       | 3 |  3.4
Throwing       | 2 |  2.0
Dodging        | 3 |  3.0
Armour         | 1 |  1.0
Fighting       | |  2.5

Action                   || total
-------------------------++-------
Melee: Trident           ||   138
       Kick              ||    22
  Use: Potion            ||     1
 Stab: Sleeping          ||     2
Armor: Leather armour    ||    28
       Skin              ||     1
Dodge: Dodged            ||    74

Table legend: (Time is in decaauts)
 A = Elapsed time spent in this place.
 B = Non-inter-level travel time spent in this place.
 C = Inter-level travel time spent in this place.
 D = Time resting spent in this place.
 E = Time spent auto-exploring this place.
 F = Levels seen in this place.
 G = Mean time per level.
                   A        B        C        D        E       F      G
               +--------+--------+--------+--------+--------+-----+--------+
         Total |   2640 |   2540 |    100 |      0 |   2229 |   3 |  880.0 |
       Dungeon |   2640 |   2540 |    100 |      0 |   2229 |   3 |  880.0 |
               +--------+--------+--------+--------+--------+-----+--------+

Top non-repeatable levels by time:
     D:1: 1692 daAuts
     D:2: 747 daAuts
     D:3: 200 daAuts
